 Dungeon Crawl Stone Soup version 0.18-a0-1311-g779ca93 (webtiles) character file.

84 Grap the Cudgeler (level 4, -2/35 HPs)
             Began as a Demonspawn Chaos Knight on Feb 14, 2016.
             Slain by an orc
             ... wielding a +0 club
              (5 damage)
             ... on level 3 of the Dungeon.
             The game lasted 00:04:08 (2370 turns).

Grap the Cudgeler (Demonspawn Chaos Knight)         Turns: 2370, Time: 00:04:09

Health: -2/35      AC:  5    Str: 13    XL:     4   Next: 24%
Magic:  4/4        EV: 11    Int: 13    God:    Xom [....*.]
Gold:   128        SH:  0    Dex: 13    Spells: 0 memorised, 3 levels left

rFire  . . .     SeeInvis .     a - +0 mace (chaos)
rCold  . . .     Gourm    .     b - +2 leather armour
rNeg   . . .     Faith    .     (no shield)
rPois  .         Spirit   .     (helmet restricted)
rElec  .         Dismiss  .     (no cloak)
rCorr  .         Reflect  .     (no gloves)
SustAt .         Harm     .     (no boots)
MR     .....                    (no amulet)
Stlth  +.........               (no ring)
                                (no ring)

@: not resistant to hostile enchantments, very unstealthy
A: antennae 1, claws 2
a: Renounce Religion


You were on level 3 of the Dungeon.
You worshipped Xom.
You were a beloved toy of Xom.
You were hungry.

You visited 1 branch of the dungeon, and saw 3 of its levels.

You collected 128 gold pieces.

Inventory:

Hand Weapons
 a - a +0 mace of chaos (weapon)
Missiles
 j - 25 sling bullets
 l - 40 stones (quivered)
Armour
 b - a +2 leather armour (worn)
Scrolls
 d - 4 scrolls of teleportation {unknown}
 e - 2 scrolls of recharging {unknown}
 f - a scroll of enchant armour {unknown}
 i - a scroll of fog {unknown}
 m - a scroll of magic mapping {unknown}
 o - a scroll of identify {unknown}
Potions
 g - a potion of berserk rage {unknown}
 h - a potion of ambrosia {unknown}
 k - a potion of curing {unknown}
 n - a potion of mutation {unknown}
Comestibles
 c - 2 bread rations


   Skills:
 - Level 3.0 Fighting
 + Level 4.6 Maces & Flails
 - Level 1.7 Armour
 - Level 0.8 Dodging


You had 3 spell levels left.
You didn't know any spells.

Dungeon Overview and Level Annotations

Branches:
Dungeon (3/15)

Altars:


Innate Abilities, Weirdness & Mutations

You have a pair of small antennae on your head.
You have very sharp fingernails.


Message History

* * * LOW HITPOINT WARNING * * *
You hit the orc priest.
You feel better.
You kill the orc priest!
You have reached level 4!
You feel stronger.
Your demonic ancestry asserts itself...
Your fingernails sharpen.
The orc throws a tomahawk.
The tomahawk closely misses you. The orc barely misses you.
Items here: )) †† a club; a hand axe; an orc corpse x2
You sock the orc!
You kill the orc!
You barely miss the orc. The orc hits you with a club.
* * * LOW HITPOINT WARNING * * *
You barely miss the orc. The orc hits you with a club.
* * * LOW HITPOINT WARNING * * *
You barely miss the orc. The orc hits you with a club.
* * * LOW HITPOINT WARNING * * *
You hit the orc but do no damage. The orc hits you with a club.
You die...

### ..# #.# #.#
#.#
######.########
##
#oo@.....(.....
..
#.#####.######
#. # #.# #. #.#
#. #.# #.
#.###########.
#.............
#############.
#.


You could see 2 orcs.

Vanquished Creatures
  An orc priest (D:3)
  2 giant geckos
  3 orcs (D:3)
  A giant cockroach (D:1)
  5 goblins
  9 hobgoblins
  3 jackals (D:1)
  4 bats (D:1)
  2 giant newts
  9 kobolds
  8 rats
47 creatures vanquished.

Vanquished Creatures (others)
  A giant cockroach (D:1)
1 creature vanquished.

Grand Total: 48 creatures vanquished

Notes
Turn   | Place    | Note
--------------------------------------------------------------
     0 | D:1      | Grap the Demonspawn Chaos Knight began the quest for the Orb.
     0 | D:1      | Reached XP level 1. HP: 18/18 MP: 1/1
   105 | D:1      | Gained mutation: You have a pair of small antennae on your head. [demonic ancestry]
   105 | D:1      | Reached XP level 2. HP: 24/24 MP: 2/2
   664 | D:1      | XOM: butterfly on damage
   851 | D:1      | XOM: divination: detect items
   972 | D:1      | XOM: silly message
   984 | D:1      | Gained mutation: You have sharp fingernails. [demonic ancestry]
   984 | D:1      | Reached XP level 3. HP: 26/29 MP: 3/3
  1139 | D:1      | XOM: divination: detect creatures
  1421 | D:2      | Reached skill level 4 in Maces & Flails
  1801 | D:2      | XOM: enchant monster (good)
  2086 | D:3      | XOM: 1-stop teleportation journey
  2337 | D:3      | XOM: 4-stop teleportation journey
  2364 | D:3      | Gained mutation: You have very sharp fingernails. [demonic ancestry]
  2364 | D:3      | Reached XP level 4. HP: 8/35 MP: 4/4
  2370 | D:3      | Slain by an orc

Vault maps used:
D:1:      dpeg_arrival_round_b, minmay_misc_feat_doors
D:2:      lemuel_upstairs_altar, first_bread
D:3:      grunt_qazlal_clouds, lemuel_crystal_altar

Action                   |  1- 3 |  4- 6 || total
-------------------------+-------+-------++-------
Melee: Mace              |   145 |     5 ||   150
  Use: Potion            |     1 |       ||     1
 Stab: Confused          |     1 |       ||     1
       Petrified         |     1 |       ||     1
  Eat: Chunk             |     4 |       ||     4
